 Dungeon Crawl Stone Soup version 0.20.0-15-g7f486f2 (webtiles) character file.

179 vishdafish the Digger (level 5, 0/38 HPs)
             Began as a Formicid Earth Elementalist on June 29, 2017.
             Killed from afar by an orc wizard (7 damage)
             ... with a magic dart
             ... on level 3 of the Dungeon.
             The game lasted 00:05:27 (2269 turns).

vishdafish the Digger (Formicid Earth Elementalist) Turns: 2269, Time: 00:05:29

Health: 0/38       AC:  2    Str: 12    XL:     5   Next: 90%
Magic:  6/10       EV: 12    Int: 16    God:
Gold:   95         SH:  0    Dex: 11    Spells: 10/11 levels left

rFire    . . .     SeeInvis +   g - +0 spear
rCold    . . .     Gourm    .   (no shield)
rNeg     . . .     Faith    .   c - +0 robe
rPois    .         Spirit   .   (helmet unavailable)
rElec    .         Reflect  .   (no cloak)
rCorr    .         Harm     .   (no gloves)
MR       .....                  (no boots)
Stlth    ++........             (no amulet)
Regen    0.2/turn               (no ring)
MPRegen  0.2/turn               (no ring)

@: very slightly contaminated
A: permanent stasis, dig shafts and tunnels, four strong arms, antennae 3
a: Dig, Shaft Self


You were on level 3 of the Dungeon.
You were hungry.

You visited 1 branch of the dungeon, and saw 3 of its levels.

You collected 95 gold pieces.

Inventory:

Hand Weapons
 g - a +0 spear (weapon)
Missiles
 b - 148 stones (quivered)
Armour
 c - a +0 robe (worn)
Wands
 k - a wand of enslavement (13/24)
Scrolls
 h - 2 scrolls of identify {unknown}
 i - a scroll of magic mapping {unknown}
 j - 3 scrolls of teleportation {unknown}
 l - a scroll of fear {unknown}
 n - a scroll of remove curse {unknown}
 o - a scroll of fog {unknown}
Potions
 f - a potion of curing {unknown}
 m - a potion of heal wounds {unknown}
Books
 e - a book of Geomancy

   Spells                             Type                      Level
   a - Sandblast                      Earth                        1
   b - Passwall                       Transmutation/Earth          2
   c - Stone Arrow                    Conjuration/Earth            3
   d - Petrify                        Transmutation/Earth          4
   e - Lee's Rapid Deconstruction     Earth                        5
Comestibles
 a - a royal jelly
 d - 2 bread rations


   Skills:
 + Level 1.6 Fighting
 + Level 1.2 Armour
 + Level 2.1 Dodging
 + Level 3.9 Stealth
 * Level 3.5 Spellcasting
   Level 1.1 Transmutations
 * Level 4.6 Earth Magic


You had 10 spell levels left.
You knew the following spells:

 Your Spells              Type           Power        Failure   Level  Hunger
a - Sandblast             Erth           ###...       2%          1    None


Dungeon Overview and Level Annotations

Branches:
Dungeon (3/15)

Altars:


Innate Abilities, Weirdness & Mutations

You cannot be hasted, slowed, berserked, paralysed or teleported.
You can dig through walls and to a lower floor.
Your four strong arms can wield two-handed weapons with a shield.
You have a pair of large antennae on your head. (SInv)


Message History

Aim: an orc wizard, wielding a dagger and wearing a robe The blast of sand hits the orc wizard.
The orc wizard is moderately wounded.
b - 149 stones The orc hits you with a short sword.
* * * LOW HITPOINT WARNING * * *
The orc wizard hits you with a dagger.
* * * LOW HITPOINT WARNING * * *
Casting: Sandblast
Confirm with . or Enter, or press ? or * to list all spells.
Aiming: Sandblast
Press: ? - help, Shift-Dir - straight line, f/p - orc wizard
Aim: an orc wizard, wielding a dagger and wearing a robe (moderately wounded)
The blast of sand hits the orc wizard.
The orc wizard is almost dead.
b - 148 stones The orc barely misses you.
The orc wizard points at you and mumbles some strange words.
The magic dart hits you!
You die...

# #..#..)..###.#
##...#######.####
#.#............#
#.#.##.........#
..#.###....†[..#
#...............#
#...............#
#...............#
#.. .......@)...#
......ooo...#
............#
.##.g.......#
..<.########
###.o #.. #.


You could see an orc wizard, 3 orcs and a hobgoblin.

Vanquished Creatures
  An orc priest (D:3)
  Natasha (D:2)
  5 adders
  An ooze (D:2)
  4 dart slugs
  5 leopard geckos
  3 orcs (D:3)
  5 bats
  4 giant cockroaches
  4 goblins
  5 hobgoblins
  2 quokkas
  2 ball pythons
  8 frilled lizards
  9 kobolds
  A leopard gecko skeleton (D:2)
  A leopard gecko zombie (D:2)
  5 rats
66 creatures vanquished.

Notes
Turn   | Place    | Note
-------+----------+-------------------------------------------
     0 | D:1      | vishdafish the Formicid Earth Elementalist began the quest for the Orb.
     0 | D:1      | Reached XP level 1. HP: 13/13 MP: 3/3
   172 | D:1      | Reached XP level 2. HP: 14/20 MP: 5/5
   470 | D:1      | Reached XP level 3. HP: 25/25 MP: 6/6
   498 | D:1      | Reached skill level 1 in Fighting
   923 | D:2      | Reached skill level 4 in Earth Magic
   923 | D:2      | Reached XP level 4. HP: 29/32 MP: 4/8
  1323 | D:2      | Noticed Natasha
  1461 | D:2      | Killed Natasha
  1461 | D:2      | Reached skill level 1 in Armour
  1461 | D:2      | Reached XP level 5. HP: 23/37 MP: 5/10
  2269 | D:3      | Killed from afar by an orc wizard

Skill      XL: |  1  2  3  4 |
---------------+-------------+-----
Fighting       | 1 |  1.6
Spellcasting   | 3 |  3.5
Stealth        | 3 |  3.9
Earth Magic    | 4 |  4.6
Dodging        | 2 |  2.1
Armour         | 1 |  1.2
Transmutations | |  1.1

Action                   |  1- 3 |  4- 6 || total
-------------------------+-------+-------++-------
Melee: Spear             |    92 |   127 ||   219
       Unarmed           |     9 |       ||     9
 Cast: Sandblast         |    14 |    22 ||    36
 Stab: Sleeping          |     3 |     3 ||     6
       Distracted        |       |     1 ||     1
  Eat: Chunk             |       |     2 ||     2
       Royal jelly       |       |     1 ||     1
Armor: Robe              |    18 |    15 ||    33
Dodge: Dodged            |    70 |    93 ||   163
